 Dungeon Sprint DCSS version 0.30.1-9-gdf580d7c3d (webtiles) character file.

Game seed: 5376905321084391467

4 Heoruswealwe the Trooper (level 1, -2/20 HPs)
             Began as a Minotaur Fighter on Oct 12, 2023.
             Splashed by a jelly's acid (12 damage)
             ... in the Dungeon (Sprint IX: "|||||||||||||||||||||||||||||").
             The game lasted 00:00:16 (30 turns).

Heoruswealwe the Trooper (Minotaur Fighter)           Turns: 30, Time: 00:00:16

Health: -2/20      AC:  3    Str: 20    XL:     1   Next: 58%
Magic:  0/0        EV:  9    Int:  5    God:
Gold:   0          SH:  4    Dex:  9    Spells: 0/0 levels left

rFire   . . .        a - +0 trident
rCold   . . .        d - +0 buckler
rNeg    . . .        c - +0 scale mail
rPois   .            (helmet restricted)
rElec   .            (no cloak)
rCorr   .            (no gloves)
SInv    .            (no boots)
Will    .....        (no amulet) Stlth
                     (no ring)
HPRegen 0.23/turn    (no ring)
MPRegen 0.07/turn

%: no teleportation
@: corroded
A: horns 2, retaliatory headbutt
a: no special abilities


You were in the Dungeon.
You visited 1 branch

Inventory:

Hand Weapons
 a - a +0 trident (weapon)
Armour
 c - a +0 scale mail (worn)
 d - a +0 buckler (worn)
Scrolls
 j - a scroll of blinking
Potions
 b - a potion of might
 e - a potion of curing
 f - a potion of heal wounds
 g - a potion of haste
 i - a potion of berserk rage


   Skills:
 + Level 4.1 Fighting
 * Level 3.7 Polearms
 + Level 4.1 Armour
 - Level 3.6 Shields


You couldn't memorise any spells.
You didn't know any spells.
Your spell library was empty.

Dungeon Overview and Level Annotations

Branches:
Dungeon (1/1)

Altars:


Innate Abilities, Weirdness & Mutations

You have a pair of horns on your head.
You reflexively headbutt those who attack you in melee.


Message History

You block the bat's attack. The bat closely misses you.
You furiously retaliate!
You headbutt the bat!
You kill the bat!
You closely miss the quokka. The quokka closely misses you.
The quokka barely misses you.
You barely miss the quokka. You headbutt the quokka.
You kill the quokka!
The frilled lizard barely misses you.
Your Polearms skill increases to level 3!
You barely miss the frilled lizard. The frilled lizard barely misses you.
You hit the frilled lizard.
You kill the frilled lizard!
Your Fighting skill increases to level 4!
Your Armour skill increases to level 4!
You hit the quokka.
The quokka is severely wounded.
The quokka barely misses you.
You puncture the quokka!
You kill the quokka!
You closely miss the kobold. The kobold closely misses you.
You barely miss the kobold. The kobold barely misses you.
You puncture the kobold!
You kill the kobold!
There is an open door to the Dungeon, spattered with blood here.
Things that are here:
a +0 whip; a frilled lizard corpse You open the door.
A jelly, an orc, a gnoll, an ogre and an adder come into view.
The jelly quivers.
The orc shouts!
The gnoll shouts!
The ogre shouts!
You puncture the jelly! The acid corrodes you!
Your hands burn!
The jelly is heavily wounded.
The jelly barely misses you. The jelly closely misses you.
You furiously retaliate!
You headbutt the jelly, but do no damage.
You hit the jelly.
Your hands burn!
The jelly is severely wounded.
The jelly hits you.
You are splashed with acid!
Ouch! That really hurt!
You die... ▓▓▓▓▓▓▓▓▓▓▓▓▓▓▓▓▓▓ ▓<.!.)....@JogOS.+ ▓▓▓▓▓▓▓▓▓▓▓▓▓▓▓▓▓▓

You could see an ogre, a jelly, a gnoll, an adder and an orc.

Vanquished Creatures
  2 quokkas (D)
  A bat (D)
  A frilled lizard (D)
  A kobold (D)
5 creatures vanquished.

Notes
Turn   | Place    | Note
-------+----------+-------------------------------------------
     0 | D        | Heoruswealwe the Minotaur Fighter began the quest for the
                  | Orb.
     0 | D        | Reached XP level 1. HP: 19/19 MP: 0/0
    28 | D        | Noticed a jelly
    28 | D        | Noticed an ogre
    30 | D        | Splashed by a jelly's acid

Illustrated notes

Levels and vault maps discovered:
D:        linesprint [early_d, line_temple, items_1, d_10, items_2, lair_1,
          lair_end, items_3, orc_1, orc_end, items_4, d_15, swamp_1, shoals_1,
          snake_1, spider_1, d_20, vaults_1, items_5, swamp_end, shoals_end,
          snake_end, spider_end, vaults_end, d_27, items_6, zot_1, zot_end,
          crypt_end, forest_end, elf_end, slime_end, tomb_end, abyss_end,
          pan_hell_end]

Skill      XL: |  1 |
---------------+----+-----
Polearms       | 3 |  3.7
Fighting       | 4 |  4.1
Armour         | 4 |  4.1
Shields        | |  3.6

Action                     || total
---------------------------++-------
  Melee: Trident           ||    19
         Headbutt          ||     1
 Armour: Scale mail        ||     5
  Dodge: Dodged            ||    16
  Block: Buckler           ||     3
